 Dungeon Crawl Stone Soup version 0.31.0-2-g5a2aebc5c2 (webtiles) character file.

Game seed: 17898399891542430895

5308 badatdcss the Cleaver (level 10, 0/83 HPs)
             Began as a Hill Orc Fighter on Jan 20, 2024.
             Was a Priest of Hepliaklqana.
             Slain by a thrashing horror (8 damage)
             ... on level 2 of the Abyss.
             The game lasted 00:20:31 (7494 turns).

badatdcss the Cleaver (Hill Orc Fighter)            Turns: 7494, Time: 00:20:31

Health: 0/83       AC: 21    Str: 24    XL:     10   Next: 64%
Magic:  10/10      EV:  7    Int:  8    God:    Hepliaklqana [***...]
Gold:   510        SH:  5    Dex: 10    Spells: 9/9 levels left

rFire   . . .        x - +5 falchion (flame)
rCold   . . .        c - +0 buckler
rNeg    . . .        i - +2 plate armour
rPois   .            o - +0 helmet
rElec   .            C - +0 cloak
rCorr   .            h - +0 pair of gloves {hurl}
SInv    .            k - +0 pair of boots
Will    .....        (no amulet) Stlth
                     (no ring)
HPRegen 0.33/turn    (no ring)
MPRegen 0.12/turn

%: no passive effects
@: about to teleport, marked
A: reduced essence
a: Renounce Religion, Recall Ancestor, Ancestor Identity, Transference


You were on level 2 of the Abyss.
You worshipped Hepliaklqana.
Hepliaklqana was most pleased with you.
You visited 1 branch of the dungeon, and saw 9 of its levels.
You visited the Abyss 1 time.

You collected 510 gold pieces.

Inventory:

Hand Weapons
 a - a +1 war axe
 x - a +5 falchion of flaming (weapon)
Armour
 c - a +0 buckler (worn)
 h - a +0 pair of gloves of hurling (worn)
 i - a +2 plate armour (worn)
 k - a +0 pair of boots (worn)
 o - a +0 helmet (worn)
 C - a +0 cloak (worn)
Jewellery
 p - a +5 ring of evasion
 t - a +6 ring of dexterity
Talismans
 q - a beast talisman
 u - a blade talisman
 y - a blade talisman
 B - a beast talisman
Wands
 m - a wand of mindburst (17)
 r - a wand of iceblast (7)
 v - a wand of flame (3) (quivered)
 A - a wand of quicksilver (10)
 F - a wand of digging (4)
Scrolls
 e - 2 scrolls of immolation
 l - a scroll of teleportation
 n - 2 scrolls of fear
Potions
 b - 2 potions of enlightenment {unknown}
 d - 2 potions of berserk rage {unknown}
 f - a potion of magic
 g - 3 potions of attraction
 j - 3 potions of heal wounds
 s - 2 potions of curing
 w - a potion of brilliance {unknown}
 D - a potion of degeneration {unknown}


   Skills:
 * Level 9.9 Fighting
 * Level 5.6 Long Blades
 - Level 12.2 Axes
 + Level 8.5 Armour
 - Level 0.8 Dodging
 - Level 0.5 Stealth
 - Level 5.2 Shields


You had 9 spell levels left.
You didn't know any spells.
Your spell library contained the following spells:

 Spells                   Type           Power      Damage    Failure   Level
 Tukima's Dance           Hex            0%         N/A       100%        3
 Brom's Barrelling Bould  Conj/Erth      0%         2d3       100%        4
 Passage of Golubria      Tloc           0%         N/A       100%        4
 Alistair's Intoxication  Alch           0%         N/A       100%        5
 Borgnjor's Vile Clutch   Necr/Erth      0%         N/A       100%        5
 Fireball                 Conj/Fire      0%         3d3       100%        5
 Iskenderun's Battlesphe  Conj           0%         2d6       100%        5
 Yara's Violent Unravell  Hex/Alch       0%         3d3       100%        5
 Conjure Ball Lightning   Conj/Air       0%         3x3d6     100%        6
 Eringya's Noxious Bog    Alch           0%         4d6       100%        6
 Orb of Destruction       Conj           0%         9d5       100%        7


Dungeon Overview and Level Annotations

Branches:
Dungeon (9/15)             Temple (0/1) D:7
   Lair: D:8-11         Orc: D:9-12

Altars:
Ashenzari
Cheibriados
Elyvilon
Gozag
Hepliaklqana
Wu Jian
Zin

Annotations:
D:9 Harold


Message History

You block the thrashing horror's attack.
The thrashing horror barely misses you.
The thrashing horror tramples you but does no damage.
The thrashing horror tramples you but does no damage.
The thrashing horror barely misses you. The thrashing horror tramples you.
You hold your ground!
You block the thrashing horror's attack.
You hear an angry growl.
You hear a roar!
The thrashing horror tramples you but does no damage.
The thrashing horror tramples you.
You stumble backwards!
The thrashing horror tramples you but does no damage.
The thrashing horror tramples you.
You stumble backwards!
You block the thrashing horror's attack.
The thrashing horror tramples you but does no damage.
The thrashing horror barely misses you.
The thrashing horror tramples you but does no damage.
Okay, then.
As you read the scroll of teleportation, it crumbles to dust.
You feel strangely unstable.
You feel the power of the Abyss delaying your translocation!
The thrashing horror barely misses you.
You block the thrashing horror's attack.
The thrashing horror barely misses you.
The thrashing horror tramples you but does no damage. x2
You block the thrashing horror's attack.
A smoke demon comes into view.
A small abomination comes into view.
The thrashing horror tramples you but does no damage.
The thrashing horror barely misses you.
The thrashing horror tramples you but does no damage.
You block the thrashing horror's attack.
The smoke demon gestures at you. Something smites you!
* * * LOW HITPOINT WARNING * * *
The thrashing horror tramples you!
* * * LOW HITPOINT WARNING * * *
You hold your ground!
The thrashing horror tramples you but does no damage. x3
The thrashing horror tramples you!
You die...

#. ....# ..
.... ##. # ...
.#. ..#.#.§
##.#
..#..#§.3# #.
##...#...#
#...#.##....##
......#@X....#
#X...#.#
#...##
#.#..§####
.####..#§#..#
#.......#.##
.....#..#§.§#
.##...#..#.#
#.##..#..§


You could see 2 thrashing horrors and a smoke demon.

Vanquished Creatures
  A two-headed ogre (D:8)
  Pikel (D:5)
  2 wyverns
  Sigmund (D:2)
  Eustachio (D:5)
  A water moccasin (D:5)
  An ice beast (D:7)
  A black bear (D:6)
  An ogre (D:5)
  A phantom (D:6)
  A lemure (D:5)
  A bullfrog (D:8)
  4 scorpions
  3 wights (D:8)
  2 howler monkeys (D:8)
  A crimson imp (D:7)
  2 sleepcaps
  Terence (D:2)
  3 iguanas
  An orc wizard (D:8)
  9 gnolls
  9 adders
  A shadow imp (D:5)
  3 white imps
  2 ufetubi (D:6)
  A dart slug (D:2)
  A ribbon worm (D:2)
  7 orcs
  A bat (D:2)
  3 endoplasms
  3 giant cockroaches
  9 hobgoblins
  6 jackals
  10 kobolds
  6 ball pythons
  2 frilled lizards (D:3)
  7 goblins
  5 rats
115 creatures vanquished.

Vanquished Creatures (collateral kills)
  Maurice (D:8)
  A hornet (D:8)
  A wyvern (D:8)
  2 ice beasts
  3 sky beasts
  A centaur (D:8)
  An ogre (D:6)
  A phantom (D:6)
  2 kobold brigands
  Blork the orc (D:6)
  A scorpion (D:6)
  2 wights (D:8)
  A bombardier beetle (D:5)
  6 crimson imps (D:7)
  2 howler monkeys
  An orc priest (D:8)
  A hound (D:5)
  2 orc wizards (D:7)
  A gnoll (D:4)
  An adder (D:5)
  3 white imps
  6 orcs (D:7)
  7 kobolds
48 creatures vanquished.

Vanquished Creatures (others)
  A battlemage (D:9)
  4 ancestors
5 creatures vanquished.

Grand Total: 168 creatures vanquished

Notes
Turn   | Place    | Note
-------+----------+-------------------------------------------
     0 | D:1      | badatdcss the Hill Orc Fighter began the quest for the Orb.
     0 | D:1      | Reached XP level 1. HP: 19/19 MP: 1/1
   167 | D:1      | Reached XP level 2. HP: 21/27 MP: 2/2
   639 | D:1      | Reached XP level 3. HP: 33/33 MP: 3/3
   641 | D:1      | Reached skill level 3 in Axes
  1146 | D:2      | Reached skill level 4 in Axes
  1146 | D:2      | Reached XP level 4. HP: 38/40 MP: 4/4
  1171 | D:2      | Noticed Sigmund
  1184 | D:2      | Killed Sigmund
  1185 | D:2      | Reached skill level 5 in Axes
  1185 | D:2      | Reached XP level 5. HP: 31/47 MP: 5/5
  1196 | D:2      | Reached XP level 6. HP: 32/53 MP: 6/6
  1225 | D:2      | Reached skill level 6 in Axes
  1240 | D:2      | You fall into a shaft and drop 2 floors!
  1481 | D:2      | Noticed Terence
  1490 | D:2      | Killed Terence
  1794 | D:3      | Found a white marble altar of Elyvilon.
  1797 | D:3      | Found a hazy altar of Hepliaklqana.
  1798 | D:3      | Found a snail-covered altar of Cheibriados.
  1803 | D:3      | Found a broken altar of Ashenzari.
  1804 | D:3      | Found a glowing silver altar of Zin.
  1822 | D:3      | Became a worshipper of Hepliaklqana the Forgotten
  1951 | D:3      | Found an ornate altar of the Wu Jian Council.
  2551 | D:4      | Reached skill level 5 in Armour
  2617 | D:4      | Reached * piety under Hepliaklqana
  3011 | D:4      | Reached skill level 7 in Axes
  3011 | D:4      | Reached XP level 7. HP: 53/54 MP: 7/7
  3149 | D:5      | Entered Level 5 of the Dungeon
  3196 | D:5      | Noticed a wyvern
  3210 | D:5      | Killed a wyvern
  3211 | D:5      | Reached skill level 5 in Fighting
  3217 | D:5      | Noticed Pikel
  3410 | D:5      | Reached skill level 8 in Axes
  3519 | D:5      | Reached XP level 8. HP: 61/61 MP: 8/8
  3611 | D:5      | Killed Pikel
  3612 | D:5      | Reached skill level 9 in Axes
  3700 | D:5      | Reached skill level 10 in Axes
  3821 | D:5      | Noticed Eustachio
  3840 | D:5      | Killed Eustachio
  4298 | D:6      | Reached XP level 9. HP: 70/70 MP: 9/9
  4330 | D:6      | Reached skill level 11 in Axes
  4379 | D:6      | Reached ** piety under Hepliaklqana
  4380 | D:6      | Remembered your ancestor Quantavius III as a battlemage
  4384 | D:6      | Noticed Blork the orc
  4389 | D:6      | Killed Blork the orc
  4515 | D:6      | Reached skill level 5 in Shields
  5257 | D:7      | Reached skill level 12 in Axes
  5439 | D:7      | Reached skill level 1 in Long Blades
  5439 | D:7      | Found a staircase to the Ecumenical Temple.
  5809 | D:7      | Reached *** piety under Hepliaklqana
  6162 | D:8      | Reached XP level 10. HP: 42/81 MP: 10/10
  6380 | D:8      | Found an opulent altar of Gozag.
  6680 | D:8      | Noticed Maurice
  6684 | D:8      | Maurice stole a beast talisman
  6685 | D:8      | Maurice stole a +5 ring of evasion
  6692 | D:8      | Killed Maurice
  7064 | D:8      | Paralysed by a hornet for 2 turns
  7067 | D:8      | Reached skill level 5 in Long Blades
  7155 | D:8      | Noticed a two-headed ogre
  7162 | D:8      | Killed a two-headed ogre
  7437 | D:9      | Noticed Harold
  7454 | Abyss:2  | Cast into level 2 of the Abyss (orc warrior)
  7464 | Abyss:2  | Noticed a thrashing horror
  7464 | Abyss:2  | Noticed a thrashing horror
  7491 | Abyss:2  | Noticed a smoke demon
  7494 | Abyss:2  | Slain by a thrashing horror

Illustrated notes

Levels and vault maps discovered:
D:1:      lightli_iron_boxes, layout_loops_corners
D:2:      layout_rooms, uniq_sigmund, uniq_terence
D:3:      layout_basic, mainiacjoe_overflow_small_starburst,
          grunt_temple_overflow_open
D:4:      layout_loops_ring, minmay_fountain_box
D:5:      minmay_evil_eye, layout_loops_cross, uniq_pikel, uniq_eustachio
D:6:      layout_loops_ring, minmay_hedge_maze, uniq_blork_the_orc
D:7:      layout_basic, minmay_temple_entry_large_hall, minmay_nine_imps
D:8:      minmay_general_purpose_star, layout_basic, grunt_gozag_statues,
          uniq_maurice
D:9:      layout_roguey, due_lair_maze_entry_diamond, uniq_grum, uniq_harold
Abyss:2:  base:
D:5

Skill      XL: |  1  2  3  4  5  6  7  8  9 10 |
---------------+-------------------------------+-----
Fighting       | 4 5 6 8 9 |  9.9
Axes           | 4 5 7 8 10 12 | 12.2
Armour         | 4 5 6 7 8 |  8.5
Shields        | 4 5 |  5.2
Long Blades    | 3 5 |  5.6
Dodging        | |  0.8
Stealth        | |  0.5

Action                     |  1- 3 |  4- 6 |  7- 9 | 10-12 || total
---------------------------+-------+-------+-------+-------++-------
  Melee: War axe           |    65 |   122 |   164 |       ||   351
         Falchion          |       |       |    30 |    72 ||   102
 Invoke: Ancestor Identity |       |     1 |       |       ||     1
         Ancestor Life: Ba |       |       |     1 |       ||     1
  Evoke: Wand              |       |       |       |     5 ||     5
    Use: Potion            |       |     1 |     1 |       ||     2
         Scroll            |       |     9 |     6 |     5 ||    20
   Stab: Distracted        |       |       |       |     1 ||     1
 Armour: Scale mail        |    26 |       |       |       ||    26
         Plate armour      |    42 |   101 |   159 |   132 ||   434
  Dodge: Dodged            |    30 |    34 |    53 |    37 ||   154
  Block: Buckler           |    15 |    30 |    49 |    23 ||   117
